 Dungeon Crawl Stone Soup version 0.28-a0-1182-g381e24db82 (webtiles) character file.

Game seed: 16579938354147563562

32 jtrev the Cudgeller (level 3, -2/23 HPs)
             Began as a Gargoyle Berserker on Dec 16, 2021.
             Was a Follower of Trog.
             Slain by a worm (9 damage)
             ... on level 2 of the Dungeon.
             The game lasted 00:03:34 (1411 turns).

jtrev the Cudgeller (Gargoyle Berserker)            Turns: 1411, Time: 00:03:35

Health: -2/23      AC:  5    Str: 22    XL:     3   Next: 27%
Magic:  3/3        EV: 11    Int:  7    God:    Trog [*.....]
Gold:   25         SH:  0    Dex:  9    Spells: 2/2 levels left

rFire   . . .      SeeInvis .   a - +0 mace
rCold   . . .      Faith    .   (no shield)
rNeg    + . .      Spirit   .   b - +0 animal skin
rPois   ∞          Reflect  .   (no helmet)
rElec   +          Harm     .   (no cloak)
rCorr   .          Rampage  .   (no gloves)
Will    .....                   (no boots)
Stlth   +.........              (no amulet)
HPRegen 0.07/turn               (no ring)
MPRegen 0.08/turn               (no ring)

@: on berserk cooldown, slowed, very slow
A: sickness immunity, AC +3, negative energy resistance 1, electricity
resistance, torment resistance 1, petrification resistance
a: Renounce Religion, Berserk


You were on level 2 of the Dungeon.
You worshipped Trog.
Trog was aware of your devotion.
You visited 1 branch of the dungeon, and saw 2 of its levels.

You collected 25 gold pieces.

Inventory:

Hand Weapons
 a - a +0 mace (weapon)
Armour
 b - a +0 animal skin (worn)
 c - a +0 buckler
   (You found it on level 1 of the Dungeon)
Scrolls
 d - a scroll of fear {unknown}
 e - 3 scrolls of blinking {unknown}
 f - a scroll of vulnerability {unknown}
Potions
 g - a potion of attraction {unknown}


   Skills:
 - Level 3.2 Fighting
 + Level 3.7 Maces & Flails
 - Level 2.1 Armour
 - Level 1.5 Dodging
 + Level 2.0 Shields


You had 2 spell levels left.
You didn't know any spells.
Your spell library was empty.

Dungeon Overview and Level Annotations

Branches:
Dungeon (2/15)

Altars:

Annotations:
D:2 Sigmund


Innate Abilities, Weirdness & Mutations

You are immune to sickness and miasma.
Your stone body is resilient. (AC +3)
You are immune to poison.
You resist negative energy. (rN+)
You are resistant to electric shocks. (rElec)
You are resistant to unholy torment.
You are immune to petrification.


Message History

You sock the endoplasm!
You kill the endoplasm!
Trog accepts your kill.
Sigmund the Dreaded comes into view.
He is wielding a +0 scythe.
Sigmund points at you and mumbles some strange words.
You resist with significant effort.
There is a stone staircase leading up here.
Sigmund barely misses you. The worm bites you!
There is a stone staircase leading up here.
A red film seems to cover your vision as you go berserk!
You feel yourself moving faster!
You feel mighty! Sigmund casts a spell at you.
You are confused.
The worm misses you.
You closely miss the worm. Sigmund closely misses you.
Unknown command.
You bump into the rock wall.
Unknown command.
You're too confused to move!
You feel a strong urge to attack something.
The worm barely misses you.
Unknown command.
You sock the worm!
Sigmund screams, "I am the angel of ZOT!!!"
Sigmund misses you.
Unknown command.
You bump into the rock wall.
The worm completely misses you. Sigmund barely misses you.
Unknown command.
You bump into the rock wall.
You feel a strong urge to attack something.
Unknown command.
You are no longer berserk.
You are exhausted.
You feel yourself slow down.
You bump into the rock wall.
Unknown command.
You feel less confused.
Sigmund gestures wildly while chanting.
Sigmund flickers and vanishes!
Deactivating autopickup; reactivate with Ctrl-A.
Unknown command.
You hit the worm but do no damage. The worm barely misses you.
Something hits you but does no damage. The worm bites you.
You hit the worm but do no damage. Something hits you!
* * * LOW HITPOINT WARNING * * *
The worm bites you!
You die...

.##. .#.# .#. . # #
..# #.# #.#. .. ..
#.... .#.#.#.
#.....######.......
.......@w<..#.#.#.
......####.........
#.... #.#.#.#.#.
##.# #....... #
#..#.#.#.# #.#...
... ^.#.#.# #
####... .#


You could see a worm.

Vanquished Creatures
  2 bats (D:1)
  2 endoplasms (D:2)
  4 giant cockroaches
  3 hobgoblins (D:1)
  2 jackals (D:1)
  5 kobolds
  A quokka (D:1)
  2 ball pythons (D:1)
  3 frilled lizards (D:1)
  3 goblins (D:1)
  A rat (D:1)
28 creatures vanquished.

Notes
Turn   | Place    | Note
-------+----------+-------------------------------------------
     0 | D:1      | jtrev the Gargoyle Berserker began the quest for the Orb.
     0 | D:1      | Reached XP level 1. HP: 14/14 MP: 1/1
   338 | D:1      | Reached skill level 1 in Shields
   417 | D:1      | Reached XP level 2. HP: 19/19 MP: 2/2
   847 | D:1      | Reached XP level 3. HP: 17/23 MP: 3/3
   867 | D:1      | Found a faded altar of an unknown god.
  1393 | D:2      | Noticed Sigmund
  1411 | D:2      | Slain by a worm

Illustrated notes

Levels and vault maps discovered:
D:1:      matt_arrival_los_fun, layout_basic,
          hellmonk_ecumenical_altar_arch_garden, serial_bayou_pond_b,
          chequers_serial_rivers_large_b
D:2:      layout_loops_ring, hex_large, uniq_sigmund, uniq_jessica

Skill      XL: |  1  2  3 |
---------------+----------+-----
Shields        | 1 2 |  2.0
Fighting       | |  3.2
Maces & Flails | |  3.7
Armour         | |  2.1
Dodging        | |  1.5

Action                   || total
-------------------------++-------
Melee: Mace              ||    99
Invok: Berserk           ||     2
 Stab: Sleeping          ||     1
Armor: Animal skin       ||    30
Dodge: Dodged            ||    64

Table legend: (Time is in decaauts)
 A = Elapsed time spent in this place.
 B = Non-inter-level travel time spent in this place.
 C = Inter-level travel time spent in this place.
 D = Time resting spent in this place.
 E = Time spent auto-exploring this place.
 F = Levels seen in this place.
 G = Mean time per level.
                   A        B        C        D        E       F      G
               +--------+--------+--------+--------+--------+-----+--------+
         Total |   1498 |   1452 |     46 |    232 |    952 |   2 |  749.0 |
       Dungeon |   1498 |   1452 |     46 |    232 |    952 |   2 |  749.0 |
               +--------+--------+--------+--------+--------+-----+--------+

Top non-repeatable levels by time:
     D:1: 1405 daAuts
     D:2: 92 daAuts
